 Dungeon Crawl Stone Soup version 0.24.0-13-gcf9b3192b9 (webtiles) character file.

Game seed: 2069418494732409449, levelgen mode: deterministic

2 Monsterracer the Ducker (level 1, 8/13 HPs)
             Began as a Deep Elf Berserker on Nov 5, 2019.
             Was a Follower of Trog.
             Quit the game on level 1 of the Dungeon.
             The game lasted 00:00:07 (91 turns).

Monsterracer the Ducker (Deep Elf Berserker)          Turns: 91, Time: 00:00:08

Health: 8/13       AC:  2    Str: 14    XL:     1   Next: 25%
Magic:  3/3        EV: 13    Int: 11    God:    Trog [*.....]
Gold:   29         SH:  0    Dex: 14    Spells: 0/0 levels left

rFire    . . .     SeeInvis .   f - -3 hand axe (curse)
rCold    . . .     Gourm    .   (no shield)
rNeg     . . .     Faith    .   b - +0 animal skin
rPois    .         Spirit   .   (no helmet)
rElec    .         Reflect  .   (no cloak)
rCorr    .         Harm     .   (no gloves)
MR       .....                  (no boots)
Stlth    +.........             (no amulet)
HPRegen  0.04/turn              (no ring)
MPRegen  0.08/turn              (no ring)

@: no status effects
A: no striking features
a: Berserk, Renounce Religion


You were on level 1 of the Dungeon.
You worshipped Trog.
Trog was aware of your devotion.
You were not hungry.

You visited 1 branch of the dungeon, and saw 1 of its levels.

You collected 29 gold pieces.

Inventory:

Hand Weapons
 a - a +0 spear
 f - a cursed -3 hand axe (weapon)
   (You found it on level 1 of the Dungeon)
Armour
 b - a +0 animal skin (worn)
Scrolls
 d - a scroll of enchant armour {unknown}
Potions
 e - a potion of curing {unknown}
Comestibles
 c - a ration


   Skills:
 + Level 2.4 Fighting
 * Level 2.2 Polearms
 - Level 1.5 Armour
 - Level 2.4 Dodging


You couldn't memorise any spells.
You didn't know any spells.
Your spell library was empty.

Dungeon Overview and Level Annotations

Branches:
Dungeon (1/15)

Altars:


Message History

Welcome, Monsterracer the Deep Elf Berserker.
Will you be the one to retrieve the legendary Orb of Zot from the depths?
Trog says: Kill them all!
Press ? for a list of commands and other information.
Found a staircase leading out of the dungeon.
You enter the shallow water.
Moving in this stuff is going to be slow.
A rat comes into view.
You see here 12 gold pieces.
A rat is nearby!
A rat is nearby!
A rat is nearby!
Found 13 gold pieces.
Attack whom?
Press: ? - help, Dir - move target cursor, f - rat
Aim: a rat You reach to attack!
You hit the rat.
You kill the rat!
Trog accepts your kill.
No target in view!
No target in view!
No target in view!
No target in view!
No target in view!
No target in view!
No target in view!
You now have 12 gold pieces.
d - a scroll labeled YZIMIC XUK ESHUR No target in view!
No target in view!
No target in view!
No target in view!
No target in view!
You now have 16 gold pieces (gained 4).
Found a stone staircase leading down.
No target in view!
No target in view!
No target in view!
No target in view!
No target in view!
You now have 29 gold pieces (gained 13).
There is a stone staircase leading down here.
e - a red potion A rat comes into view.
Attack whom?
Press: ? - help, Dir - move target cursor, f - rat
Aim: a rat You reach to attack!
You closely miss the rat. You barely miss the rat. The rat bites you.
A rat is nearby!
A rat is nearby!
You hit the rat.
The rat is severely wounded.
The rat misses you.
You hit the rat.
You kill the rat!
Trog accepts your kill.
No target in view!
No target in view!
No target in view!
No target in view!
No target in view!
No target in view!
No target in view!
No target in view!
HP restored.
Found a runed hand axe.
No target in view!
No target in view!
No target in view!
No target in view!
No target in view!
A goblin comes into view.
A goblin is nearby!
A goblin is nearby!
You hit the goblin but do no damage. The goblin closely misses you.
You closely miss the goblin. The goblin hits you.
You are too injured to fight recklessly!
You are too injured to fight recklessly!
You are too injured to fight recklessly!
You are too injured to fight recklessly!
You are too injured to fight recklessly!
You are too injured to fight recklessly!
You are too injured to fight recklessly!
You are too injured to fight recklessly!
You hit the goblin.
The goblin is moderately wounded.
The goblin hits you.
You hit the goblin.
You kill the goblin!
Trog accepts your kill.
You see here a runed hand axe.
f - a runed hand axe It sticks to your hand!
f - a cursed -3 hand axe (weapon)
Are you sure you want to abandon this character and quit the game? (Confirm with "yes".)

#......≈...≈##....
#.##.#≈♣≈.≈P≈..... ##
#.##.≈♣⌠♣≈P⌠P≈.... ...
#.##.#≈♣...P≈#.... #..
#.##.##≈...≈##....
#...
#.##.##≈...≈##.###
#....##.##.##≈.<.≈##.#
#.......##.##≈...≈##.#
#....##@# #≈...≈##.#
....# ### #≈♣...♣≈#.#
... .≈♣⌠♣≈♣⌠♣≈. .
..#≈♣≈.≈♣≈### #..##
... # #. #.#


There were no monsters in sight!

Vanquished Creatures
  A goblin (D:1)
  2 rats (D:1)
3 creatures vanquished.

Notes
Turn   | Place    | Note
-------+----------+-------------------------------------------
     0 | D:1      | Monsterracer the Deep Elf Berserker began the quest for the
                  | Orb.
     0 | D:1      | Reached XP level 1. HP: 13/13 MP: 3/3
    91 | D:1      | Quit the game

Levels and vault maps discovered:
D:1:      ldierk_water_garden, layout_basic

Action                   || total
-------------------------++-------
Melee: Spear             ||     9
Dodge: Dodged            ||     2
